 Dungeon Crawl Stone Soup version 0.30-a0-738-g116ff8c4af (webtiles) character file.

Game seed: 18196760774637798131

4405 cheesebisquit the Geomancer (level 10, -5/50 HPs)
             Began as a Gargoyle Earth Elementalist on Feb 3, 2023.
             Was a Priest of Vehumet.
             Slain by a cyclops (12 damage)
             ... on level 9 of the Dungeon.
             The game lasted 00:28:16 (7653 turns).

cheesebisquit the Geomancer (GrEE)                  Turns: 7653, Time: 00:28:17

Health: -5/50      AC: 20    Str: 13    XL:     10   Next: 35%
Magic:  13/13      EV: 12    Int: 19    God:    Vehumet [***...]
Gold:   1581       SH:  0    Dex: 21    Spells: 3/13 levels left

rFire   . . .      SeeInvis .    I - +0 flail
rCold   . . .      Faith    .    (no shield)
rNeg    + . .      Spirit   .    s - +2 robe {Will+}
rPois   ∞          Reflect  .    p - +2 helmet
rElec   +          Harm     .    J - +0 cloak
rCorr   .          Rampage  .    H - +2 pair of gloves {hurl}
Will    +....                    D - +1 pair of boots
Stlth   ++                       j - amulet of Ypaf {RegenMP Dex+5}
HPRegen 0.28/turn                y - +6 ring of dexterity
MPRegen 0.53/turn                e - ring of wizardry

@: no status effects
A: sickness immunity, AC +7, negative energy resistance 1, electricity
resistance, torment resistance 1, petrification resistance
a: Renounce Religion


You were on level 9 of the Dungeon.
You worshipped Vehumet.
Vehumet was most pleased with you.
You visited 1 branch of the dungeon, and saw 9 of its levels.

You collected 1750 gold pieces.
You spent 169 gold pieces at shops.

Inventory:

Hand Weapons
 I - a +0 flail (weapon)
 K - a +0 dire flail
Missiles
 n - 11 poisoned darts
 E - 6 atropa-tipped darts
Armour
 p - a +2 helmet (worn)
 s - a +2 robe of willpower (worn)
 D - a +1 pair of boots (worn)
 H - a +2 pair of gloves of hurling (worn)
 J - a +0 cloak (worn)
Jewellery
 e - a ring of wizardry (right hand)
 j - the amulet of Ypaf (around neck) {RegenMP Dex+5}
   (You acquired it on level 6 of the Dungeon)

   [amulet of magic regeneration]

   It increases your rate of magic regeneration.
   Dex:       It affects your dexterity (+5).
 v - a ring of protection from cold
 y - a +6 ring of dexterity (left hand)
 B - a +6 ring of dexterity
Wands
 t - a wand of charming (6)
 F - a wand of polymorph (4)
 M - a wand of iceblast (7)
Scrolls
 d - 2 scrolls of fear {unknown}
 f - 2 scrolls of immolation {unknown}
 g - 2 scrolls of magic mapping {unknown}
 h - 5 scrolls of teleportation {unknown}
 l - a scroll of noise {unknown}
 o - 2 scrolls of torment {unknown}
 u - 4 scrolls of fog
 w - 2 scrolls of vulnerability {unknown}
 x - 2 scrolls of enchant weapon {unknown}
 C - a scroll of poison {unknown}
 L - 2 scrolls of blinking {unknown}
 N - a scroll of identify
Potions
 a - a potion of might {unknown}
 b - a potion of magic
 c - a potion of cancellation
 i - 2 potions of attraction
 k - 5 potions of degeneration
 m - 4 potions of curing
 q - 2 potions of mutation {unknown}
 r - a potion of flight {unknown}
 z - 2 potions of heal wounds {unknown}
 A - a potion of invisibility {unknown}
 G - a potion of lignification {unknown}


   Skills:
 - Level 1.5 Dodging
 - Level 2.1 Stealth
 - Level 2.0 Spellcasting
 + Level 9.9 Conjurations
 - Level 0.7 Transmutations
 - Level 14.2 Earth Magic


You had 3 spell levels left.
You knew the following spells:

 Your Spells              Type           Power      Damage    Failure   Level
a - Sandblast             Erth           100%       2d20      1%          1
b - Stone Arrow           Conj/Erth      94%        3d12      1%          3
c - Passwall              Tmut/Erth      25%        N/A       1%          2
d - Petrify               Tmut/Erth      30%        N/A       3%          4

Your spell library contained the following spells:

 Spells                   Type           Power      Damage    Failure   Level
 Flame Wave               Conj/Fire      20%        2d7       2%          4
 Dazzling Flash           Conj/Hex       40%        N/A       1%          3
 Hailstorm                Conj/Ice       20%        3d6       1%          3
 Freeze                   Ice            4%         1d3       2%          1
 Frozen Ramparts          Ice            2%         1d1       6%          3
 Apportation              Tloc           2%         N/A       7%          1
 Necrotise                Necr           4%         1d4       7%          1
 Summon Small Mammal      Summ           4%         N/A       7%          1
 Wereblood                Tmut           4%         N/A       8%          2
 Lesser Beckoning         Tloc           2%         N/A       11%         2
 Gell's Gravitas          Tloc           1%         N/A       21%         3
 Teleport Other           Tloc           1%         N/A       21%         3
 Agony                    Necr           1%         N/A       86%         5
 Metabolic Englaciation   Hex/Ice        0%         N/A       86%         5
 Silence                  Hex/Air        0%         N/A       86%         5
 Summon Hydra             Summ           0%         N/A       100%        7
 Sublimation of Blood     Necr           Unusable   N/A       N/A         2
 Statue Form              Tmut/Erth      Unusable   N/A       N/A         6

Dungeon Overview and Level Annotations

Branches:
Dungeon (9/15)             Temple (0/1) D:4
   Lair: D:8-11         Orc: D:9-12

Altars:
Ashenzari
Cheibriados
Fedhas
Gozag
Kikubaaqudgha
Makhleb
Okawaru
Vehumet
Wu Jian
The Shining One

Shops:
D:5 *(

Annotations:
D:3 1 runed translucent door, Crazy Yiuf


Innate Abilities, Weirdness & Mutations

You are immune to sickness and miasma.
Your stone body is resilient. (AC +7)
You are immune to poison.
You resist negative energy. (rN+)
You are resistant to electric shocks. (rElec)
You are resistant to unholy torment.
You are immune to petrification.


Message History

The blast of sand hits the yak.
The yak is lightly wounded.
The yak gores you. x2
The blast of sand hits the yak!
The yak is heavily wounded.
The centaur shoots an arrow.
The arrow closely misses you. The yak gores you.
The centaur shoots an arrow.
The arrow barely misses you. The yak closely misses you.
The blast of sand hits the yak!!
You kill the yak!
Vehumet accepts your kill.
You feel your power returning.
The centaur shoots an arrow.
The arrow hits you. The howler monkey closely misses you.
The centaur shoots an arrow.
The arrow misses you. The howler monkey barely misses you.
The blast of sand hits the howler monkey!!
You kill the howler monkey!
Vehumet accepts your kill.
You feel your power returning.
The centaur shoots an arrow.
The arrow hits you but does no damage.
The blast of sand hits the centaur!!
You kill the centaur!
Vehumet accepts your kill.
You feel your power returning.
The blast of sand hits the cyclops!
The cyclops is lightly wounded.
The cyclops hits you but does no damage.
The blast of sand hits the cyclops!!
The cyclops is severely wounded.
The cyclops hits you but does no damage.
The cyclops hits you!!
* * * LOW HITPOINT WARNING * * *
Magic courses through your body.
You are too injured to fight recklessly!
Aiming: Sandblast (safe; 1% risk of failure)
Press: ? - help, Q - select action, (/) - cycle Shift-Dir - straight line, f/p - cyclops
Aim: a cyclops, quivering large rocks (severely wounded, 99% to hit)
The blast of sand hits the cyclops!
The cyclops is almost dead.
The cyclops hits you!
You die...

#'##### #...........#
......# #...........#
..)...# #.....).....#
......####...........#
......##.............#
......#..#...........#
......'.##...........#
.^....####.....####..#
# #######
####.##@C#''#$C#
#.##)#....#/#
.###......# +......+
+......+ #......#
$#....#$# #c$#++#(.#
### ###


You could see a cyclops.

Vanquished Creatures
  A two-headed ogre (D:8)
  Prince Ribbit (D:7)
  5 yaks (D:9)
  A steam dragon (D:8)
  A water moccasin (D:8)
  2 ice beasts
  2 black bears
  A sky beast (D:6)
  4 centaurs
  6 bullfrogs
  2 scorpions (D:5)
  4 necrophages
  4 killer bees (D:9)
  2 vampire bats (D:6)
  A howler monkey (D:9)
  An electric eel (D:8)
  A jelly (D:6)
  A gnoll bouda (D:6)
  6 orc priests
  5 hounds
  An iguana (D:6)
  Jessica (D:2)
  Ijyb (D:3)
  3 orc wizards (D:8)
  Robin (D:3)
  9 gnolls
  5 adders
  A river rat (D:6)
  2 shadow imps
  3 white imps
  2 worms
  A dart slug (D:2)
  19 orcs
  8 ball pythons
  2 bat skeletons (D:6)
  4 bat zombies (D:6)
  8 endoplasms
  3 giant cockroaches
  15 goblins
  5 hobgoblins
  3 jackals (D:2)
  3 quokkas
  4 bats
  3 frilled lizards
  11 kobolds
  9 rats
178 creatures vanquished.

Vanquished Creatures (others)
  3 plants (D:8)
3 creatures vanquished.

Grand Total: 181 creatures vanquished

Notes
Turn   | Place    | Note
-------+----------+-------------------------------------------
     0 | D:1      | cheesebisquit the Gargoyle Earth Elementalist began the
                  | quest for the Orb.
     0 | D:1      | Reached XP level 1. HP: 10/10 MP: 3/3
   137 | D:1      | Reached skill level 4 in Earth Magic
   241 | D:1      | Reached XP level 2. HP: 15/15 MP: 1/5
   862 | D:1      | Found a faded altar of an unknown god.
  1083 | D:2      | Reached XP level 3. HP: 19/19 MP: 3/6
  1212 | D:2      | Reached skill level 5 in Earth Magic
  1429 | D:2      | Found a radiant altar of Vehumet.
  1520 | D:2      | Became a worshipper of Vehumet
  1562 | D:2      | Noticed Jessica
  1567 | D:2      | Killed Jessica
  1568 | D:2      | Reached XP level 4. HP: 24/24 MP: 4/7
  1569 | D:2      | Reached skill level 6 in Earth Magic
  2497 | D:3      | Reached XP level 5. HP: 28/28 MP: 4/8
  2543 | D:3      | Noticed Robin
  2555 | D:3      | Reached * piety under Vehumet
  2555 | D:3      | Offered knowledge of Shock by Vehumet.
  2558 | D:3      | Killed Robin
  2559 | D:3      | Reached skill level 7 in Earth Magic
  2690 | D:3      | Noticed Ijyb
  2698 | D:3      | Killed Ijyb
  3193 | D:3      | Found a runed translucent door.
  3194 | D:3      | Noticed Crazy Yiuf
  3525 | D:4      | Found a staircase to the Ecumenical Temple.
  3614 | D:4      | Learned a level 3 spell: Stone Arrow
  3617 | D:4      | Learned a level 2 spell: Passwall
  3878 | D:4      | Reached skill level 8 in Earth Magic
  3878 | D:4      | Reached XP level 6. HP: 28/32 MP: 4/9
  3925 | D:4      | You fall into a shaft and drop 2 floors!
  3954 | D:6      | Found an iron altar of Okawaru.
  3974 | D:5      | Entered Level 5 of the Dungeon
  4050 | D:5      | Reached skill level 9 in Earth Magic
  4451 | D:4      | Found an opulent altar of Gozag.
  4480 | D:5      | Noticed an ice beast
  4484 | D:5      | Killed an ice beast
  4485 | D:5      | Reached XP level 7. HP: 36/36 MP: 8/10
  4550 | D:5      | Found Pzxen's Practical Paraphernalia.
  4560 | D:5      | Bought a scroll of enchant armour for 97 gold pieces
  4560 | D:5      | Bought a wand of polymorph (4) for 72 gold pieces
  4593 | D:5      | Found a snail-covered altar of Cheibriados.
  4623 | D:5      | Reached skill level 10 in Earth Magic
  4696 | D:5      | Found Ijogg's Antique Weapon Shop.
  4870 | D:6      | Identified 4 scrolls of acquirement
  4870 | D:6      | Acquired the amulet of Ypaf {RegenMP Dex+5}
  4877 | D:6      | Acquired 837 gold pieces
  4879 | D:6      | Acquired a +2 pair of gloves of hurling
  4886 | D:6      | Acquired 447 gold pieces
  4992 | D:6      | Found an ancient bone altar of Kikubaaqudgha.
  4996 | D:6      | Offered knowledge of Scorch by Vehumet.
  4998 | D:6      | Reached skill level 11 in Earth Magic
  4998 | D:6      | Reached XP level 8. HP: 41/41 MP: 9/11
  5004 | D:6      | Reached ** piety under Vehumet
  5319 | D:6      | Found a burning altar of Makhleb.
  5373 | D:6      | Found an ornate altar of the Wu Jian Council.
  5622 | D:6      | Reached skill level 12 in Earth Magic
  5660 | D:6      | Reached skill level 13 in Earth Magic
  5952 | D:7      | Reached XP level 9. HP: 45/45 MP: 12/12
  6066 | D:7      | Found a broken altar of Ashenzari.
  6117 | D:7      | Found a blossoming altar of Fedhas.
  6174 | D:7      | Noticed Prince Ribbit
  6176 | D:7      | Killed Prince Ribbit
  6177 | D:7      | Reached skill level 14 in Earth Magic
  6411 | D:7      | Reached skill level 1 in Conjurations
  6512 | D:8      | Noticed a two-headed ogre
  6519 | D:8      | Killed a two-headed ogre
  6520 | D:8      | Reached skill level 5 in Conjurations
  6563 | D:8      | Offered knowledge of Inner Flame by Vehumet.
  6572 | D:8      | Learned a level 4 spell: Petrify
  6765 | D:8      | Found a glowing golden altar of the Shining One.
  6948 | D:8      | Reached *** piety under Vehumet
  7468 | D:9      | Reached XP level 10. HP: 44/50 MP: 13/13
  7553 | D:9      | Offered knowledge of Flame Wave by Vehumet.
  7574 | D:9      | Identified the +0 rapier of Ruination {freeze, Fragile
                  | Int+4}
  7640 | D:9      | Noticed a cyclops
  7653 | D:9      | Slain by a cyclops

Illustrated notes

Levels and vault maps discovered:
D:1:      dpeg_arrival_pits, layout_loops_ring,
          shapermc_ecumenical_altar_mp_vishouse
D:2:      layout_basic, basic_altar, minmay_mini_jars, uniq_jessica
D:3:      layout_basic, glass_columns_c, uniq_crazy_yiuf_cottage, uniq_ijyb,
          uniq_robin
D:4:      layout_basic, nicolae_overflow_hidden_temple,
          minmay_temple_entry_junction_2
D:5:      layout_rooms, mainiacjoe_overflow_concentric_impassable, serial_shops,
          nicolae_shop_statue_plus, nicolae_alphabet_shops
D:6:      layout_gridville, old_standard_altar, kennysheep_vampire_church,
          mainiacjoe_overflow_catwalk_spiral, portal_sewer_entry_c
D:7:      layout_cave_pools, old_standard_altar, lemuel_tele_altar,
          roderic_roman_lattice, uniq_prince_ribbit1
D:8:      layout_loops_cross, tso_oasis_becter, fountainhead
D:9:      layout_roguey [special_room_orc], orc_0_dummy,
          gammafunk_ghost_cemetery, lightli_fourway_metalbox

Skill      XL: |  1  2  3  4  5  6  7  8  9 10 |
---------------+-------------------------------+-----
Earth Magic    | 4 5 6 8 9 11 13 14 | 14.2
Conjurations   | 8 9 |  9.9
Dodging        | |  1.5
Stealth        | |  2.1
Spellcasting   | |  2.0
Transmutations | |  0.7

Action                     |  1- 3 |  4- 6 |  7- 9 | 10-12 || total
---------------------------+-------+-------+-------+-------++-------
  Melee: Club              |       |     5 |       |       ||     5
   Cast: Sandblast         |    44 |    81 |   142 |    33 ||   300
    Use: Scroll            |       |       |    13 |       ||    13
         Potion            |       |       |     1 |     1 ||     2
 Armour: Robe              |     3 |    11 |    45 |    22 ||    81
  Dodge: Dodged            |     5 |    20 |    66 |    20 ||   111

Table legend: (Time is in decaauts)
 A = Elapsed time spent in this place.
 B = Non-inter-level travel time spent in this place.
 C = Inter-level travel time spent in this place.
 D = Time resting spent in this place.
 E = Time spent auto-exploring this place.
 F = Levels seen in this place.
 G = Mean time per level.
                   A        B        C        D        E       F      G
               +--------+--------+--------+--------+--------+-----+--------+
         Total |   7793 |   6889 |    904 |    180 |   5553 |   9 |  865.9 |
       Dungeon |   7793 |   6889 |    904 |    180 |   5553 |   9 |  865.9 |
               +--------+--------+--------+--------+--------+-----+--------+

Top non-repeatable levels by time:
     D:2: 1564 daAuts
     D:3: 1195 daAuts
     D:1: 968 daAuts
     D:8: 917 daAuts
     D:6: 889 daAuts
     D:4: 786 daAuts
     D:5: 609 daAuts
     D:7: 589 daAuts
     D:9: 272 daAuts
